Predators vs Canucks
Created - 20 novembre 2016 at 19:17
Goals
|
| Predators |
2 |
0 |
0 |
2 |
| Canucks |
0 |
1 |
0 |
1 |
|
Shots
|
| Predators |
8 |
6 |
3 |
17 |
| Canucks |
9 |
9 |
6 |
24 |
|
1st period
1. Predators , Ryan Kesler 7 (Alexander Edler, Ryan Mcdonagh) at 5:19
2. Predators , Alexander Steen 3 (John Moore, Michael Grabner) at 7:09
Penalties :
Eric Nystrom (Nas) for Hooking (Minor) at 8:12, Alexander Edler (Nas) for Tripping (Minor) at 17:58
2nd period
3. Canucks , Ryan Parent 2 (Maxim Lapierre, Tom Poti) at 10:01
Penalties :
Alexander Edler (Nas) for Holding (Minor) at 1:06, Mike Ribeiro (Van) for Roughing (Minor) at 10:17, Ben Lovejoy (Van) for Hooking (Minor) at 10:41, Matt Stajan (Van) for Holding (Minor) at 13:11, Brendon Nash (Van) for Tripping (Minor) at 16:03
3rd period
No Goal
Penalties :
Kris Vernarsky (Nas) for Hooking (Minor) at 3:00
Goalie Stats
Steve Mason (Nas), 23 saves from 24 shots - (0,958), W, 4-1-0, 60:00 minutes
Carey Price (Van), 15 saves from 17 shots - (0,882), L, 4-5-2, 59:29 minutes
Players Stats for Predators
Player Name G A P +/- PIM S H SB GA TA FO MP PP MP PK MP
------------------------------------------------------------------------------------
Adam Burish 0 0 0 1 0 2 4 0 1 1 0/1 18:49 3:37 0:00
Alexander Edler 0 1 1 0 4 0 3 0 0 0 0/0 21:49 3:40 1:17
Alexander Ovechkin 0 0 0 1 0 1 3 1 1 0 1/1 21:44 3:36 4:17
Alexander Steen 1 0 1 1 0 1 1 1 3 0 0/0 20:52 2:40 1:26
Andy Miele 0 0 0 -1 0 0 0 0 1 1 3/7 12:32 0:26 0:22
Barret Jackman 0 0 0 0 0 0 1 0 0 0 0/0 16:01 0:00 1:45
Brett Clark 0 0 0 0 0 0 1 2 0 0 0/0 17:16 0:00 4:13
Christian Ehrhoff 0 0 0 1 0 0 1 0 0 1 0/0 17:50 2:41 0:58
David Jones 0 0 0 0 0 0 1 1 1 0 1/3 15:30 1:06 2:57
Eric Nystrom 0 0 0 -1 2 3 2 0 0 0 0/0 12:01 0:00 0:20
Frans Nielsen 0 0 0 0 0 0 3 0 0 0 2/5 15:04 2:28 3:15
James Van Riemsdyk 0 0 0 0 0 0 0 0 0 0 0/0 6:33 0:05 1:13
John Moore 0 1 1 1 0 0 1 1 0 1 0/0 21:17 2:41 4:02
Kris Vernarsky 0 0 0 1 2 3 2 0 0 0 4/15 17:55 3:27 0:43
Michael Grabner 0 1 1 1 0 0 0 0 0 0 0/0 13:51 1:38 0:00
Ryan Kesler 1 0 1 1 0 3 0 0 0 0 6/8 7:18 0:00 1:19
Ryan Mcdonagh 0 1 1 0 0 3 0 2 1 0 0/0 24:58 3:40 3:37
Shane Doan 0 0 0 -1 0 1 1 0 0 0 0/0 10:40 0:00 0:00
Players Stats for Canucks
Player Name G A P +/- PIM S H SB GA TA FO MP PP MP PK MP
------------------------------------------------------------------------------------
Alex Goligoski 0 0 0 -1 0 2 1 0 0 0 0/0 26:14 3:27 3:36
Alex Tanguay 0 0 0 -1 0 1 3 0 1 0 2/2 13:28 0:41 2:15
Ben Lovejoy 0 0 0 -1 2 1 2 0 0 2 0/0 25:04 3:27 2:28
Brendon Nash 0 0 0 0 2 1 2 0 0 0 0/0 14:05 0:48 0:55
Clarke MacArthur 0 0 0 -1 0 3 1 0 0 0 0/0 18:40 3:31 0:35
Darren Helm 0 0 0 1 0 0 0 0 0 0 0/0 6:45 0:55 0:58
Jiri Hudler 0 0 0 -1 0 1 3 0 0 0 1/2 17:45 3:33 0:00
Martin Hanzal 0 0 0 1 0 1 1 0 0 0 0/2 6:59 0:03 0:19
Martin St. Louis 0 0 0 0 0 4 0 0 2 0 0/0 17:56 3:09 1:09
Matt Stajan 0 0 0 -1 2 1 3 1 0 1 3/7 18:29 3:31 0:34
Maxim Lapierre 0 1 1 -1 0 1 1 1 1 0 1/3 12:21 0:53 0:00
Mike Ribeiro 0 0 0 0 2 1 3 0 0 1 16/24 22:26 3:19 2:31
Milan Michalek 0 0 0 0 0 3 0 0 0 1 0/0 19:46 3:09 2:46
Nikolai Zherdev 0 0 0 -1 0 0 1 0 0 0 0/0 12:14 0:50 0:00
Patrick Eaves 0 0 0 1 0 0 2 0 0 0 0/0 6:41 0:14 0:00
Ryan Parent 1 0 1 0 0 1 1 0 0 2 0/0 20:10 3:41 2:45
Sami Lepisto 0 0 0 0 0 1 0 0 0 0 0/0 13:28 0:48 0:29
Tom Poti 0 1 1 0 0 2 1 0 0 1 0/0 19:29 3:41 2:28
3 Stars
1 - Steve Mason (Nas)
2 - Alexander Steen (Nas)
3 - Ryan Kesler (Nas)
Power Play
Predators - 0 on 4 Attempt(s) - 0,00%
Canucks - 0 on 4 Attempt(s) - 0,00%
Penalty Kill
Predators - 4 on 4 Attempt(s) - 100,00%
- Score 0 goal in Penalty Kill
Canucks - 4 on 4 Attempt(s) - 100,00%
- Score 0 goal in Penalty Kill
Team Stat
Predators - Hits : 24 - Faceoff Wins : 17 - Blocked Shots : 8 - Penalty Minutes : 8
Canucks - Hits : 25 - Faceoff Wins : 23 - Blocked Shots : 2 - Penalty Minutes : 8
Official
Referees : Auger Stephane and StPierre Justin
Linesman : Steve Miller and Vaughan Rody
Game Notes
Ryan Kesler is injured at 16:24 of 1st period (Lacerated Left Calf)
Finance
Level 1 -- Attendance: 5783 (96,38%) -- Ticket Income 497 338 $
Level 2 -- Attendance: 4871 (97,42%) -- Ticket Income 238 679 $
Level 3 -- Attendance: 1961 (98,05%) -- Ticket Income 58 830 $
Level 4 -- Attendance: 4000 (100,00%) -- Ticket Income 68 000 $
Luxury Box -- Attendance: 1000 (100,00%) -- Ticket Income 100 000 $
Game was played at the Budweiser Coliseum.
Total Attendance: 17615 (97,86%)
Total Ticket Income: 962 847 $
Other Income: 144 427 $
Total Income: 1 107 274 $
Predators
5 vs 5 Forward
Center Left Wing Right Wing Time % Phy DF OF
1 Ryan Kesler Alexander Ovechkin Adam Burish 39 2 1 2
2 Kris Vernarsky Alexander Steen Michael Grabner 29 1 2 2
3 Frans Nielsen Alexander Steen David Jones 20 1 2 2
4 Andy Miele Eric Nystrom Shane Doan 12 1 2 2
5 vs 5 Defense
Defense Defense Time % Phy DF OF
1 Alexander Edler Ryan Mcdonagh 40 2 1 2
2 Christian Ehrhoff John Moore 30 1 2 2
3 Barret Jackman Brett Clark 20 1 2 2
4 Christian Ehrhoff Ryan Mcdonagh 10 1 2 2
PowerPlay Forward
Center Left Wing Right Wing Time % Phy DF OF
1 Ryan Kesler Alexander Ovechkin Adam Burish 60 2 0 3
2 Kris Vernarsky Alexander Steen Michael Grabner 40 1 1 3
PowerPlay Defense
Defense Defense Time % Phy DF OF
1 Alexander Edler Ryan Mcdonagh 60 1 1 3
2 Christian Ehrhoff John Moore 40 1 1 3
Penalty Kill 4 Players Forward
Center Wing Time % Phy DF OF
1 Ryan Kesler Alexander Ovechkin 60 1 2 2
2 Frans Nielsen Eric Nystrom 40 1 2 2
Penalty Kill 4 Players Defense
Defense Defense Time % Phy DF OF
1 Alexander Edler Ryan Mcdonagh 60 2 2 1
2 John Moore Brett Clark 40 1 3 1
Penalty Kill - 3 Players Forward
Forward Time % Phy DF OF
1 Eric Nystrom 60 1 3 1
2 Frans Nielsen 40 1 3 1
Penalty Kill - 3 Players Defense
Defense Defense Time % Phy DF OF
1 Alexander Edler Ryan Mcdonagh 60 2 3 0
2 John Moore Brett Clark 40 1 3 1
4 vs 4 Forward
Center Wing Time % Phy DF OF
1 Ryan Kesler Alexander Ovechkin 60 1 2 2
2 Kris Vernarsky Alexander Steen 40 1 2 2
4 vs 4 Defense
Defense Defense Time % Phy DF OF
1 Alexander Edler Ryan Mcdonagh 60 1 2 2
2 Christian Ehrhoff John Moore 40 1 2 2
Last Minutes Offensive
Center Left Wing Right Wing Defense Defense
Ryan Kesler Alexander Ovechkin Michael Grabner Alexander Edler Ryan Mcdonagh
Last Minutes Defensive
Center Left Wing Right Wing Defense Defense
Kris Vernarsky Eric Nystrom Frans Nielsen Ryan Mcdonagh Brett Clark
Goaltenders
Starting : Steve Mason
Backup : Maxime Daigneault
Extra Forwards
Normal : Ryan Kesler, Kris Vernarsky, David Jones - PP : Adam Burish, Kris Vernarsky - PK : David Jones
Extra Defensemen
Normal : Barret Jackman, John Moore, Brett Clark - PP : Barret Jackman - PK : John Moore, Brett Clark
Penalty Shots
Alexander Ovechkin, Michael Grabner, Ryan Kesler, Shane Doan, David Jones
Canucks
5 vs 5 Forward
Center Left Wing Right Wing Time % Phy DF OF
1 Mike Ribeiro Milan Michalek Martin St. Louis 40 1 2 2
2 Matt Stajan Clarke MacArthur Jiri Hudler 30 1 2 2
3 Maxim Lapierre Alex Tanguay Nikolai Zherdev 20 1 2 2
4 Martin Hanzal Mike Ribeiro Patrick Eaves 10 1 2 2
5 vs 5 Defense
Defense Defense Time % Phy DF OF
1 Alex Goligoski Ben Lovejoy 40 1 2 2
2 Tom Poti Ryan Parent 30 1 2 2
3 Sami Lepisto Brendon Nash 20 1 2 2
4 Alex Goligoski Ben Lovejoy 10 1 2 2
PowerPlay Forward
Center Left Wing Right Wing Time % Phy DF OF
1 Mike Ribeiro Milan Michalek Martin St. Louis 60 1 2 2
2 Matt Stajan Clarke MacArthur Jiri Hudler 40 1 2 2
PowerPlay Defense
Defense Defense Time % Phy DF OF
1 Alex Goligoski Ben Lovejoy 60 1 2 2
2 Tom Poti Ryan Parent 40 1 2 2
Penalty Kill 4 Players Forward
Center Wing Time % Phy DF OF
1 Mike Ribeiro Milan Michalek 60 1 2 2
2 Martin St. Louis Matt Stajan 40 1 2 2
Penalty Kill 4 Players Defense
Defense Defense Time % Phy DF OF
1 Alex Goligoski Ben Lovejoy 60 1 2 2
2 Tom Poti Ryan Parent 40 1 2 2
Penalty Kill - 3 Players Forward
Forward Time % Phy DF OF
1 Mike Ribeiro 60 1 2 2
2 Milan Michalek 40 1 2 2
Penalty Kill - 3 Players Defense
Defense Defense Time % Phy DF OF
1 Alex Goligoski Ben Lovejoy 60 1 2 2
2 Tom Poti Ryan Parent 40 1 2 2
4 vs 4 Forward
Center Wing Time % Phy DF OF
1 Mike Ribeiro Milan Michalek 60 1 2 2
2 Martin St. Louis Matt Stajan 40 1 2 2
4 vs 4 Defense
Defense Defense Time % Phy DF OF
1 Alex Goligoski Ben Lovejoy 60 1 2 2
2 Tom Poti Ryan Parent 40 1 2 2
Last Minutes Offensive
Center Left Wing Right Wing Defense Defense
Mike Ribeiro Milan Michalek Martin St. Louis Alex Goligoski Ben Lovejoy
Last Minutes Defensive
Center Left Wing Right Wing Defense Defense
Mike Ribeiro Milan Michalek Martin St. Louis Alex Goligoski Ben Lovejoy
Goaltenders
Starting : Carey Price
Backup : Ray Emery
Extra Forwards
Normal : Darren Helm, Maxim Lapierre, Alex Tanguay - PP : Darren Helm, Maxim Lapierre - PK : Alex Tanguay
Extra Defensemen
Normal : Sami Lepisto, Brendon Nash, Tom Poti - PP : Sami Lepisto - PK : Brendon Nash, Tom Poti
Penalty Shots
Mike Ribeiro, Milan Michalek, Martin St. Louis, Matt Stajan, Clarke MacArthur
% Time on Ice - Predators
Lines # - Real PCT - Wanted PCT - Time Play
Normal Forward
1 - 47% - 39% - 21:03
2 - 26% - 29% - 11:31
3 - 10% - 20% - 4:32
4 - 17% - 12% - 7:27
Normal Defense
1 - 43% - 40% - 19:11
2 - 30% - 30% - 13:15
3 - 24% - 20% - 10:32
4 - 4% - 10% - 1:35
PP Forward
1 - 74% - 60% - 4:43
2 - 26% - 40% - 1:38
PP Defense
1 - 58% - 60% - 3:40
2 - 42% - 40% - 2:41
PK Forward
1 - 88% - 60% - 7:00
2 - 12% - 40% - 0:56
PK Defense
1 - 55% - 60% - 4:22
2 - 45% - 40% - 3:34
PK3 Forward
1 - 0% - 60%
2 - 0% - 40%
PK3 Defense
1 - 0% - 60%
2 - 0% - 40%
44 Forward
1 - 0% - 60%
2 - 0% - 40%
44 Defense
1 - 0% - 60%
2 - 0% - 40%
Last Minute Offensive - 0:00
Last Minute Defensive - 1:10
Total
Forward - 60:00
Defense - 60:00
|
% Time on Ice - Canucks
Lines # - Real PCT - Wanted PCT - Time Play
Normal Forward
1 - 33% - 40% - 14:51
2 - 34% - 30% - 15:12
3 - 23% - 20% - 10:05
4 - 10% - 10% - 4:22
Normal Defense
1 - 39% - 40% - 17:24
2 - 32% - 30% - 14:11
3 - 26% - 20% - 11:38
4 - 3% - 10% - 1:17
PP Forward
1 - 43% - 60% - 3:24
2 - 57% - 40% - 4:32
PP Defense
1 - 43% - 60% - 3:27
2 - 57% - 40% - 4:29
PK Forward
1 - 76% - 60% - 3:37
2 - 24% - 40% - 1:09
PK Defense
1 - 60% - 60% - 2:53
2 - 40% - 40% - 1:53
PK3 Forward
1 - 100% - 60% - 1:35
2 - 0% - 40% - 0:00
PK3 Defense
1 - 76% - 60% - 1:12
2 - 24% - 40% - 0:23
44 Forward
1 - 0% - 60%
2 - 0% - 40%
44 Defense
1 - 0% - 60%
2 - 0% - 40%
Last Minute Offensive - 1:13
Last Minute Defensive - 0:00
Total
Forward - 60:00
Defense - 60:00
|
Play by Play
1st period
0:01 of 1st period - Ryan Kesler wins face-off versus Mike Ribeiro in neutral zone.
0:26 of 1st period - Alexander Edler is hit by Jiri Hudler and loses puck.
0:35 of 1st period - Alex Goligoski is hit by John Moore and loses puck.
1:05 of 1st period - Icing by Shane Doan.
1:06 of 1st period - Frans Nielsen wins face-off versus Martin Hanzal in Predators zone.
1:06 of 1st period - Frans Nielsen is hit by Ryan Parent.
1:17 of 1st period - Brett Clark is hit by Patrick Eaves.
1:28 of 1st period - Barret Jackman is hit by Mike Ribeiro and loses puck.
2:24 of 1st period - Slapshot by Mike Ribeiro.
2:24 of 1st period - Stopped by Steve Mason without a rebound.
2:25 of 1st period - Ryan Kesler wins face-off versus Matt Stajan in Predators zone.
2:52 of 1st period - Wrist shot by Eric Nystrom.
2:52 of 1st period - Stopped by Carey Price without a rebound.
2:53 of 1st period - Andy Miele wins face-off versus Maxim Lapierre in Canucks zone.
3:02 of 1st period - Slapshot by Andy Miele.
3:02 of 1st period - Shot Misses the Net.
3:04 of 1st period - Wrist shot by Shane Doan.
3:04 of 1st period - Shot Misses the Net.
3:06 of 1st period - Snap shot by Shane Doan.
3:06 of 1st period - Stopped by Carey Price without a rebound.
3:07 of 1st period - Ryan Kesler wins face-off versus Jiri Hudler in Canucks zone.
3:08 of 1st period - Wrist shot by Alexander Ovechkin.
3:08 of 1st period - Shot Blocked by Matt Stajan.
3:10 of 1st period - Wrist shot by Adam Burish.
3:10 of 1st period - Shot Misses the Net.
3:12 of 1st period - Snap shot by Ryan Kesler.
3:12 of 1st period - Shot Misses the Net.
3:14 of 1st period - Backhand shot by Adam Burish.
3:14 of 1st period - Shot Misses the Net.
3:16 of 1st period - Slapshot by Ryan Kesler.
3:16 of 1st period - Stopped by Carey Price without a rebound.
3:17 of 1st period - Matt Stajan wins face-off versus Adam Burish in Canucks zone.
3:39 of 1st period - Slapshot by Ryan Kesler.
3:39 of 1st period - Shot Misses the Net.
3:58 of 1st period - Alexander Edler is hit by Matt Stajan and loses puck.
5:19 of 1st period - Snap shot by Ryan Kesler.
5:19 of 1st period - Goal by Ryan Kesler - Predators : 1 - Canucks : 0.
5:20 of 1st period - Mike Ribeiro wins face-off versus Kris Vernarsky in neutral zone.
5:45 of 1st period - Kris Vernarsky is hit by Nikolai Zherdev and loses puck.
6:49 of 1st period - Snap shot by Alexander Steen.
6:49 of 1st period - Shot Blocked by Maxim Lapierre.
6:51 of 1st period - Snap shot by Kris Vernarsky.
6:51 of 1st period - Stopped by Carey Price with a rebound.
7:05 of 1st period - Snap shot by Michael Grabner.
7:05 of 1st period - Shot Misses the Net.
7:09 of 1st period - Slapshot by Alexander Steen.
7:09 of 1st period - Goal by Alexander Steen - Predators : 2 - Canucks : 0.
7:10 of 1st period - Andy Miele wins face-off versus Mike Ribeiro in neutral zone.
7:13 of 1st period - Martin St. Louis is hit by Barret Jackman and loses puck.
7:26 of 1st period - Snap shot by Mike Ribeiro.
7:26 of 1st period - Shot Misses the Net.
7:42 of 1st period - Off-side.
7:43 of 1st period - Ryan Kesler wins face-off versus Matt Stajan in neutral zone.
7:54 of 1st period - Snap shot by Ryan Kesler.
7:54 of 1st period - Deflect By Alexander Ovechkin.
7:54 of 1st period - Stopped by Carey Price with a rebound.
8:10 of 1st period - Slapshot by Matt Stajan.
8:10 of 1st period - Shot Misses the Net.
8:12 of 1st period - Minor Penalty to Eric Nystrom for Hooking.
8:13 of 1st period - Mike Ribeiro wins face-off versus Ryan Kesler in Predators zone.
8:20 of 1st period - Slapshot by Martin St. Louis.
8:20 of 1st period - Stopped by Steve Mason without a rebound.
8:21 of 1st period - Ryan Kesler wins face-off versus Mike Ribeiro in Predators zone.
8:46 of 1st period - Ryan Kesler is hit by Jiri Hudler.
8:55 of 1st period - Off-side.
8:56 of 1st period - Mike Ribeiro wins face-off versus Frans Nielsen in neutral zone.
8:59 of 1st period - Slapshot by Mike Ribeiro.
8:59 of 1st period - Shot Misses the Net.
9:01 of 1st period - Backhand shot by Milan Michalek.
9:01 of 1st period - Stopped by Steve Mason without a rebound.
9:02 of 1st period - Mike Ribeiro wins face-off versus Ryan Kesler in Predators zone.
10:12 of 1st period - Penalty to Eric Nystrom is over, Eric Nystrom is back on ice.
10:26 of 1st period - Snap shot by Maxim Lapierre.
10:26 of 1st period - Shot Blocked by Brett Clark.
10:53 of 1st period - Sami Lepisto is hit by Frans Nielsen and loses puck.
12:26 of 1st period - Snap shot by Patrick Eaves.
12:26 of 1st period - Shot Misses the Net.
12:28 of 1st period - Slapshot by Sami Lepisto.
12:28 of 1st period - Shot Blocked by Alexander Ovechkin.
12:30 of 1st period - Slapshot by Alex Goligoski.
12:30 of 1st period - Stopped by Steve Mason without a rebound.
12:31 of 1st period - Andy Miele wins face-off versus Maxim Lapierre in Predators zone.
12:38 of 1st period - Alex Goligoski is hit by Eric Nystrom.
13:31 of 1st period - Alexander Ovechkin is hit by Mike Ribeiro and loses puck.
14:28 of 1st period - Alexander Steen is hit by Ben Lovejoy and loses puck.
15:01 of 1st period - Wrist shot by Jiri Hudler.
15:01 of 1st period - Stopped by Steve Mason without a rebound.
15:02 of 1st period - Ryan Kesler wins face-off versus Matt Stajan in Predators zone.
15:19 of 1st period - Slapshot by Clarke MacArthur.
15:19 of 1st period - Shot Misses the Net.
15:27 of 1st period - Wrist shot by Clarke MacArthur.
15:27 of 1st period - Deflect By Alexander Ovechkin.
15:27 of 1st period - Stopped by Steve Mason with a rebound.
15:39 of 1st period - Wrist shot by Ryan Kesler.
15:39 of 1st period - Stopped by Carey Price with a rebound.
15:47 of 1st period - Wrist shot by Clarke MacArthur.
15:47 of 1st period - Stopped by Steve Mason with a rebound.
15:49 of 1st period - Slapshot by Jiri Hudler.
15:49 of 1st period - Shot Misses the Net.
15:51 of 1st period - Wrist shot by Clarke MacArthur.
15:51 of 1st period - Shot Misses the Net.
16:05 of 1st period - Backhand shot by Alexander Ovechkin.
16:05 of 1st period - Shot Misses the Net.
16:23 of 1st period - Ryan Kesler is hit by Jiri Hudler and loses puck.
16:24 of 1st period - Ryan Kesler from Predators is injured at 16:24 of 1st period (Lacerated Left Calf).
16:25 of 1st period - Mike Ribeiro wins face-off versus Kris Vernarsky in Predators zone.
16:26 of 1st period - Slapshot by Martin St. Louis.
16:26 of 1st period - Shot Blocked by Ryan Mcdonagh.
16:34 of 1st period - Snap shot by Milan Michalek.
16:34 of 1st period - Stopped by Steve Mason with a rebound.
16:50 of 1st period - Adam Burish is hit by Alex Tanguay.
16:54 of 1st period - Maxim Lapierre is hit by Alexander Ovechkin and loses puck.
17:53 of 1st period - Slapshot by Maxim Lapierre.
17:53 of 1st period - Shot Blocked by Brett Clark.
17:55 of 1st period - Slapshot by Sami Lepisto.
17:55 of 1st period - Deflect By Alex Tanguay.
17:55 of 1st period - Stopped by Steve Mason without a rebound.
17:56 of 1st period - Kris Vernarsky wins face-off versus Mike Ribeiro in Predators zone.
17:58 of 1st period - Minor Penalty to Alexander Edler for Tripping.
17:59 of 1st period - David Jones wins face-off versus Mike Ribeiro in Predators zone.
17:59 of 1st period - David Jones is hit by Ben Lovejoy.
18:24 of 1st period - Alexander Ovechkin is hit by Clarke MacArthur and loses puck.
19:03 of 1st period - Frans Nielsen is hit by Matt Stajan.
19:52 of 1st period - Christian Ehrhoff is hit by Maxim Lapierre.
19:58 of 1st period - Penalty to Alexander Edler is over, Alexander Edler is back on ice.
Goals for this period are 2 for Predators vs 0 for Canucks.
Shots for this period are 8 for Predators vs 9 for Canucks.
2nd period
0:01 of 2nd period - Mike Ribeiro wins face-off versus Frans Nielsen in neutral zone.
0:31 of 2nd period - Slapshot by Alexander Ovechkin.
0:31 of 2nd period - Shot Misses the Net.
0:33 of 2nd period - Snap shot by Alexander Ovechkin.
0:33 of 2nd period - Shot Misses the Net.
0:35 of 2nd period - Snap shot by Adam Burish.
0:35 of 2nd period - Stopped by Carey Price with a rebound.
0:37 of 2nd period - Wrist shot by Adam Burish.
0:37 of 2nd period - Stopped by Carey Price without a rebound.
0:38 of 2nd period - Mike Ribeiro wins face-off versus Frans Nielsen in Canucks zone.
0:38 of 2nd period - Mike Ribeiro is hit by Frans Nielsen.
0:44 of 2nd period - Slapshot by Tom Poti.
0:44 of 2nd period - Stopped by Steve Mason without a rebound.
0:45 of 2nd period - Frans Nielsen wins face-off versus Mike Ribeiro in Predators zone.
0:45 of 2nd period - Frans Nielsen is hit by Tom Poti.
0:53 of 2nd period - Tom Poti is hit by Alexander Edler and loses puck.
1:06 of 2nd period - Minor Penalty to Alexander Edler for Holding.
1:07 of 2nd period - Mike Ribeiro wins face-off versus David Jones in Predators zone.
3:06 of 2nd period - Penalty to Alexander Edler is over, Alexander Edler is back on ice.
3:33 of 2nd period - Snap shot by David Jones.
3:33 of 2nd period - Shot Misses the Net.
3:47 of 2nd period - Snap shot by Maxim Lapierre.
3:47 of 2nd period - Shot Misses the Net.
4:03 of 2nd period - Snap shot by Maxim Lapierre.
4:03 of 2nd period - Shot Blocked by David Jones.
4:09 of 2nd period - Slapshot by Nikolai Zherdev.
4:09 of 2nd period - Deflect By Maxim Lapierre.
4:09 of 2nd period - Shot Misses the Net.
4:09 of 2nd period - Puck is out of play.
4:10 of 2nd period - Mike Ribeiro wins face-off versus Kris Vernarsky in Predators zone.
4:11 of 2nd period - Snap shot by Martin St. Louis.
4:11 of 2nd period - Shot Misses the Net.
4:21 of 2nd period - Wrist shot by Alexander Steen.
4:21 of 2nd period - Shot Misses the Net.
4:23 of 2nd period - Wrist shot by Kris Vernarsky.
4:23 of 2nd period - Stopped by Carey Price without a rebound.
4:24 of 2nd period - Mike Ribeiro wins face-off versus Kris Vernarsky in Canucks zone.
4:26 of 2nd period - Icing by Alex Goligoski.
4:27 of 2nd period - Mike Ribeiro wins face-off versus Kris Vernarsky in Canucks zone.
4:42 of 2nd period - Wrist shot by Alexander Steen.
4:42 of 2nd period - Shot Misses the Net.
4:56 of 2nd period - Wrist shot by Matt Stajan.
4:56 of 2nd period - Shot Misses the Net.
5:12 of 2nd period - Slapshot by Alex Goligoski.
5:12 of 2nd period - Stopped by Steve Mason with a rebound.
5:18 of 2nd period - Maxim Lapierre is hit by Alexander Edler and loses puck.
6:34 of 2nd period - Sami Lepisto is hit by Kris Vernarsky.
7:32 of 2nd period - Ben Lovejoy is hit by Kris Vernarsky and loses puck.
7:45 of 2nd period - Alex Goligoski is hit by Eric Nystrom and loses puck.
8:03 of 2nd period - Sami Lepisto is hit by Frans Nielsen and loses puck.
8:12 of 2nd period - John Moore is hit by Brendon Nash and loses puck.
8:19 of 2nd period - Snap shot by Martin St. Louis.
8:19 of 2nd period - Stopped by Steve Mason with a rebound.
8:23 of 2nd period - Wrist shot by Martin St. Louis.
8:23 of 2nd period - Shot Misses the Net.
8:25 of 2nd period - Slapshot by Mike Ribeiro.
8:25 of 2nd period - Shot Misses the Net.
8:31 of 2nd period - Slapshot by Ryan Parent.
8:31 of 2nd period - Shot Blocked by Alexander Steen.
8:33 of 2nd period - Slapshot by Tom Poti.
8:33 of 2nd period - Stopped by Steve Mason with a rebound.
8:35 of 2nd period - Slapshot by Ben Lovejoy.
8:35 of 2nd period - Deflect By Frans Nielsen.
8:35 of 2nd period - Stopped by Steve Mason with a rebound.
8:37 of 2nd period - Snap shot by Milan Michalek.
8:37 of 2nd period - Shot Misses the Net.
8:39 of 2nd period - Wrist shot by Milan Michalek.
8:39 of 2nd period - Stopped by Steve Mason with a rebound.
8:41 of 2nd period - Slapshot by Ryan Parent.
8:41 of 2nd period - Shot Misses the Net.
8:43 of 2nd period - Slapshot by Sami Lepisto.
8:43 of 2nd period - Stopped by Steve Mason without a rebound.
8:44 of 2nd period - Jiri Hudler wins face-off versus Kris Vernarsky in Predators zone.
8:47 of 2nd period - Wrist shot by Matt Stajan.
8:47 of 2nd period - Stopped by Steve Mason with a rebound.
9:10 of 2nd period - Brett Clark is hit by Alex Tanguay and loses puck.
9:17 of 2nd period - Snap shot by Maxim Lapierre.
9:17 of 2nd period - Shot Misses the Net.
10:01 of 2nd period - Slapshot by Ryan Parent.
10:01 of 2nd period - Goal by Ryan Parent - Predators : 2 - Canucks : 1.
10:02 of 2nd period - Kris Vernarsky wins face-off versus Matt Stajan in neutral zone.
10:14 of 2nd period - Off-side.
10:15 of 2nd period - Mike Ribeiro wins face-off versus Kris Vernarsky in neutral zone.
10:17 of 2nd period - Minor Penalty to Mike Ribeiro for Roughing.
10:18 of 2nd period - Alex Tanguay wins face-off versus Kris Vernarsky in Canucks zone.
10:18 of 2nd period - Alex Tanguay is hit by Adam Burish.
10:41 of 2nd period - Minor Penalty to Ben Lovejoy for Hooking.
10:42 of 2nd period - Alex Tanguay wins face-off versus Kris Vernarsky in Canucks zone.
11:09 of 2nd period - Alexander Steen is hit by Brendon Nash.
12:17 of 2nd period - Penalty to Mike Ribeiro is over, Mike Ribeiro is back on ice.
12:41 of 2nd period - Penalty to Ben Lovejoy is over, Ben Lovejoy is back on ice.
12:58 of 2nd period - Eric Nystrom is hit by Matt Stajan and loses puck.
13:03 of 2nd period - Snap shot by Matt Stajan.
13:03 of 2nd period - Shot Misses the Net.
13:11 of 2nd period - Minor Penalty to Matt Stajan for Holding.
13:12 of 2nd period - Mike Ribeiro wins face-off versus Kris Vernarsky in Canucks zone.
13:12 of 2nd period - Mike Ribeiro is hit by Alexander Ovechkin.
13:46 of 2nd period - Slapshot by Ryan Mcdonagh.
13:46 of 2nd period - Shot Misses the Net.
13:48 of 2nd period - Wrist shot by Ryan Mcdonagh.
13:48 of 2nd period - Deflect By Alex Tanguay.
13:48 of 2nd period - Stopped by Carey Price with a rebound.
15:11 of 2nd period - Penalty to Matt Stajan is over, Matt Stajan is back on ice.
15:25 of 2nd period - Off-side.
15:26 of 2nd period - Matt Stajan wins face-off versus Andy Miele in neutral zone.
15:57 of 2nd period - Wrist shot by Frans Nielsen.
15:57 of 2nd period - Shot Misses the Net.
16:03 of 2nd period - Minor Penalty to Brendon Nash for Tripping.
16:04 of 2nd period - Kris Vernarsky wins face-off versus Mike Ribeiro in Canucks zone.
16:13 of 2nd period - Wrist shot by Kris Vernarsky.
16:13 of 2nd period - Stopped by Carey Price without a rebound.
16:14 of 2nd period - Alexander Ovechkin wins face-off versus Mike Ribeiro in Canucks zone.
18:03 of 2nd period - Penalty to Brendon Nash is over, Brendon Nash is back on ice.
18:09 of 2nd period - Slapshot by Eric Nystrom.
18:09 of 2nd period - Stopped by Carey Price without a rebound.
18:10 of 2nd period - Maxim Lapierre wins face-off versus Andy Miele in Canucks zone.
19:00 of 2nd period - Milan Michalek is hit by Alexander Ovechkin.
19:46 of 2nd period - Ryan Parent is hit by Adam Burish and loses puck.
Goals for this period are 0 for Predators vs 1 for Canucks.
Shots for this period are 6 for Predators vs 9 for Canucks.
3rd period
0:01 of 3rd period - Mike Ribeiro wins face-off versus Kris Vernarsky in neutral zone.
0:59 of 3rd period - Martin St. Louis is hit by Alexander Steen and loses puck.
2:01 of 3rd period - Alex Goligoski is hit by Alexander Edler and loses puck.
2:32 of 3rd period - Snap shot by Alexander Steen.
2:32 of 3rd period - Shot Misses the Net.
2:34 of 3rd period - Slapshot by Ryan Mcdonagh.
2:34 of 3rd period - Deflect By Mike Ribeiro.
2:34 of 3rd period - Stopped by Carey Price with a rebound.
2:36 of 3rd period - Wrist shot by Kris Vernarsky.
2:36 of 3rd period - Shot Misses the Net.
2:38 of 3rd period - Wrist shot by Kris Vernarsky.
2:38 of 3rd period - Shot Misses the Net.
3:00 of 3rd period - Minor Penalty to Kris Vernarsky for Hooking.
3:01 of 3rd period - Matt Stajan wins face-off versus David Jones in Predators zone.
3:04 of 3rd period - Backhand shot by Clarke MacArthur.
3:04 of 3rd period - Stopped by Steve Mason with a rebound.
3:06 of 3rd period - Snap shot by Clarke MacArthur.
3:06 of 3rd period - Shot Misses the Net.
5:00 of 3rd period - Penalty to Kris Vernarsky is over, Kris Vernarsky is back on ice.
5:16 of 3rd period - Darren Helm is hit by Adam Burish and loses puck.
5:27 of 3rd period - Clarke MacArthur is hit by David Jones and loses puck.
6:08 of 3rd period - Alexander Ovechkin is hit by Martin Hanzal and loses puck.
6:51 of 3rd period - Brett Clark is hit by Patrick Eaves and loses puck.
7:02 of 3rd period - John Moore is hit by Alex Tanguay and loses puck.
7:13 of 3rd period - Wrist shot by Ryan Mcdonagh.
7:13 of 3rd period - Stopped by Carey Price with a rebound.
9:40 of 3rd period - Alexander Steen is hit by Alex Goligoski and loses puck.
10:15 of 3rd period - Tom Poti is hit by Christian Ehrhoff and loses puck.
13:22 of 3rd period - Ryan Parent is hit by Shane Doan and loses puck.
14:29 of 3rd period - Barret Jackman is hit by Mike Ribeiro and loses puck.
16:32 of 3rd period - Wrist shot by Martin Hanzal.
16:32 of 3rd period - Stopped by Steve Mason with a rebound.
16:34 of 3rd period - Snap shot by Brendon Nash.
16:34 of 3rd period - Stopped by Steve Mason without a rebound.
16:35 of 3rd period - Kris Vernarsky wins face-off versus Martin Hanzal in Predators zone.
16:50 of 3rd period - Matt Stajan is hit by Adam Burish and loses puck.
18:09 of 3rd period - Snap shot by Maxim Lapierre.
18:09 of 3rd period - Stopped by Steve Mason with a rebound.
18:11 of 3rd period - Backhand shot by Maxim Lapierre.
18:11 of 3rd period - Shot Misses the Net.
18:13 of 3rd period - Wrist shot by Nikolai Zherdev.
18:13 of 3rd period - Shot Misses the Net.
19:06 of 3rd period - Martin St. Louis is hit by Brett Clark and loses puck.
19:21 of 3rd period - Snap shot by Eric Nystrom.
19:21 of 3rd period - Stopped by Carey Price without a rebound.
19:22 of 3rd period - John Tortorella call a timeout for Canucks.
19:22 of 3rd period - Mike Ribeiro wins face-off versus Andy Miele in Canucks zone.
19:29 of 3rd period - Canucks, Carey Price is pulled from the net.
19:33 of 3rd period - Slapshot by Martin St. Louis.
19:33 of 3rd period - Stopped by Steve Mason without a rebound.
19:34 of 3rd period - Mike Ribeiro wins face-off versus Andy Miele in Predators zone.
19:47 of 3rd period - Snap shot by Milan Michalek.
19:47 of 3rd period - Shot Blocked by Ryan Mcdonagh.
19:49 of 3rd period - Wrist shot by Milan Michalek.
19:49 of 3rd period - Shot Blocked by John Moore.
19:55 of 3rd period - Wrist shot by Mike Ribeiro.
19:55 of 3rd period - Shot Misses the Net.
19:57 of 3rd period - Snap shot by Martin St. Louis.
19:57 of 3rd period - Shot Misses the Net.
19:59 of 3rd period - Snap shot by Martin St. Louis.
19:59 of 3rd period - Stopped by Steve Mason without a rebound.
Goals for this period are 0 for Predators vs 0 for Canucks.
Shots for this period are 3 for Predators vs 6 for Canucks.
Back to the Top